 Dungeon Crawl Stone Soup version 0.29.0-4-gdea44cf6ec (webtiles) character file.

Game seed: 12217899808454457099

2 qw the Sneak (level 1, -2/14 HPs)
             Began as a Gargoyle Delver on Sept 10, 2022.
             Slain by an orc priest
             ... wielding a +0 mace
              (4 damage)
             ... on level 3 of the Dungeon.
             The game lasted 00:00:03 (261 turns).

qw the Sneak (Gargoyle Delver)                       Turns: 261, Time: 00:00:03

Health: -2/14      AC:  5    Str: 15    XL:     1   Next: 30%
Magic:  1/1        EV: 11    Int: 10    God:
Gold:   0          SH:  0    Dex: 11    Spells: 0/0 levels left

rFire   . . .      SeeInvis .   a - +0 hand axe
rCold   . . .      Faith    .   (no shield)
rNeg    + . .      Spirit   .   b - +0 leather armour
rPois   inf        Reflect  .   (no helmet)
rElec   +          Harm     .   (no cloak)
rCorr   .          Rampage  .   (no gloves)
Will    .....                   (no boots)
Stlth   +++.......              (no amulet)
HPRegen 0.04/turn               (no ring)
MPRegen 0.07/turn               (no ring)

@: no status effects
A: sickness immunity, AC +2, negative energy resistance 1, electricity
resistance, torment resistance 1, petrification resistance
a: no special abilities


You were on level 3 of the Dungeon.
You visited 1 branch of the dungeon, and saw 3 of its levels.


Innate Abilities, Weirdness & Mutations

You are immune to sickness and miasma.
Your stone body is resilient. (AC +2)
You are immune to poison.
You resist negative energy. (rN+)
You are resistant to electric shocks. (rElec)
You are resistant to unholy torment.
You are immune to petrification.


   Skills:
 - Level 3.2 Fighting
 + Level 2.0 Axes
 - Level 1.5 Dodging
 - Level 5.4 Stealth


You couldn't memorise any spells.
You didn't know any spells.
Your spell library was empty.

Inventory:

Hand Weapons
 a - a +0 hand axe (weapon)
 c - a +0 whip
Armour
 b - a +0 leather armour (worn)
Wands
 g - a wand of digging (3)
Potions
 f - a potion of haste

Dungeon Overview and Level Annotations

Branches:
Dungeon (5/15)
 Temple: D:4-7

Altars:


Message History

Done waiting.
142 ||| Stepping ~*~*~tactically~*~*~ (hiding).
You start waiting.
Done waiting.
244 ||| Stepping ~*~*~tactically~*~*~ (hiding).
You start waiting.
A worm comes into view.
250 ||| Stepping ~*~*~tactically~*~*~ (stealth).
The orc priest shouts!
The orc priest miscasts a cantrip.
An orc comes into view. It is wielding a +0 dagger.
251 ||| Stepping ~*~*~tactically~*~*~ (hiding).
You completely miss the orc. The orc closely misses you.
You hit the orc.
The orc is moderately wounded.
You hit the orc.
The orc is heavily wounded.
You hit the orc. The orc barely misses you. x2
You hit the orc.
You kill the orc!
You barely miss the orc.
Your Axes skill increases to level 2!
You barely miss the orc.
The orc is lightly wounded.
You hit the worm.
The orc priest mumbles some strange prayers to Beogh against you.
Pain shoots through your body! The orc hits you with a +0 hand axe.
The worm bites you. The orc hits you with a +0 hand axe.
You hit the worm.
The worm is heavily wounded.
You hit the orc priest. You hit the orc.
The orc priest hits you with a +0 mace. The orc closely misses you.
You closely miss the orc.
The orc is severely wounded.
You hit the orc priest but do no damage.
You hit the worm. The worm bites you. The orc priest hits you with a +0 mace.
You die...

### ... #
#.######.####
#...w.>.....#
###@o.........
#o####.##.##
oo.o..(.# .#
#o####### #


You could see a worm, an orc priest and an orc.

Vanquished Creatures
  An orc (D:3)
1 creature vanquished.

Notes
Turn   | Place    | Note
-------+----------+-------------------------------------------
     0 | D:5      | qw the Gargoyle Delver began the quest for the Orb.
     0 | D:5      | Reached XP level 1. HP: 14/14 MP: 1/1
     0 | D:5      | 0 ||| qw: Version: 0.1-a-116-g5d60599
     0 | D:5      | 0 ||| qw: Game counter: 8229
     0 | D:5      | 0 ||| qw: Always use a shield: true
     0 | D:5      | 0 ||| qw: God list: Okawaru
     0 | D:5      | 0 ||| qw: Allow faded altars: false
     0 | D:5      | 0 ||| qw: Do Orc after D:15 true
     0 | D:5      | 0 ||| qw: Do second Lair branch before Depths: true
     0 | D:5      | 0 ||| qw: Lair rune preference: random
     0 | D:5      | 0 ||| qw: Plans: Normal
     0 | D:5      | 0 ||| PLANNING D:1-11
    17 | D:5      | 17 ||| DROPPING scroll of fog.
    18 | D:5      | 18 ||| DROPPING scroll of magic mapping.
    19 | D:5      | 19 ||| DROPPING scroll of fear.
    39 | D:3      | Noticed an orc priest
    40 | D:3      | 40 ||| Stepping ~*~*~tactically~*~*~ (hiding).
   142 | D:3      | 142 ||| Stepping ~*~*~tactically~*~*~ (hiding).
   244 | D:3      | 244 ||| Stepping ~*~*~tactically~*~*~ (hiding).
   250 | D:3      | 250 ||| Stepping ~*~*~tactically~*~*~ (stealth).
   251 | D:3      | 251 ||| Stepping ~*~*~tactically~*~*~ (hiding).
   261 | D:3      | HP: 2/14 [worm (2)]
   261 | D:3      | Slain by an orc priest

Levels and vault maps discovered:
D:3:      gammafunk_wand_slinger, layout_loops_ring
D:4:      layout_rooms
D:5:      layout_gridville

Skill      XL: |  1 |
---------------+----+-----
Axes           | 2 |  2.0
Fighting       | |  3.2
Dodging        | |  1.5
Stealth        | |  5.4

Action                   || total
-------------------------++-------
Melee: Hand axe          ||     7
Dodge: Dodged            ||     4

Table legend:
 A = Non-vault XP
 B = Vault XP
 C = Vault XP percentage of total XP
 D = Non-vault monster count
 E = Vault monster count
 F = Vault count percentage of total count
                 A         B        C        D         E       F
            +---------+---------+-------+---------+---------+-------
      Total |       3 |       0 |   0.0 |       1 |       0 |   0.0
            +---------+---------+-------+---------+---------+-------
        D:3 |       3 |       0 |   0.0 |       1 |       0 |   0.0
            +---------+---------+-------+---------+---------+-------
